 Dungeon Crawl Stone Soup version 0.29-a0-330-g52719c12eb (webtiles) character file.

Game seed: 6054795544196544021

110 Crownlay the Ruffian (level 4, -4/38 HPs)
             Began as a Ghoul Gladiator on May 3, 2022.
             Was an Initiate of Qazlal.
             Slain by a gnoll
             ... wielding a +0 halberd
              (15 damage)
             ... on level 3 of the Dungeon.
             The game lasted 00:02:59 (2068 turns).

Crownlay the Ruffian (Ghoul Gladiator)              Turns: 2068, Time: 00:02:59

Health: -4/38      AC:  4    Str: 19    XL:     4   Next: 91%
Magic:  3/3        EV: 12    Int:  3    God:    Qazlal [......]
Gold:   57         SH:  0    Dex: 16    Spells: 3/3 levels left

rFire   . . .      SeeInvis .     - Unarmed
rCold   + . .      Faith    .   (no shield)
rNeg    + + +      Spirit   .   a - +0 leather armour
rPois   ∞          Reflect  .   b - +0 helmet
rElec   .          Harm     .   (no cloak)
rCorr   .          Rampage  .   (no gloves)
Will    .....                   (no boots)
Stlth   +.........              (no amulet)
HPRegen 0.00/turn               i - +6 ring of dexterity
MPRegen 0.08/turn               (no ring)

@: inhibited regen
A: claws 1, cold resistance 1, negative energy resistance 3, inhibited
regeneration, torment resistance 2, devour on kill
a: Renounce Religion


You were on level 3 of the Dungeon.
You worshipped Qazlal.
Qazlal was noncommittal.
You visited 1 branch of the dungeon, and saw 3 of its levels.

You collected 57 gold pieces.

Inventory:

Missiles
 d - a javelin (quivered)
Armour
 a - a +0 leather armour (worn)
 b - a +0 helmet (worn)
Jewellery
 i - a +6 ring of dexterity (left claw)
 m - a ring of ice
 p - a ring of fire
Scrolls
 h - a scroll of enchant armour {unknown}
 j - 2 scrolls of vulnerability {unknown}
 o - a scroll of enchant weapon {unknown}
 q - a scroll of identify {unknown}
Potions
 e - a potion of mutation {unknown}
 f - 2 potions of attraction {unknown}
 g - 3 potions of curing {unknown}
 k - a potion of haste {unknown}
 l - 2 potions of cancellation {unknown}
 n - a potion of might


   Skills:
 + Level 3.2 Fighting
 + Level 2.4 Throwing
 - Level 2.6 Dodging
 * Level 4.9 Unarmed Combat
 + Level 0.5 Invocations


You had 3 spell levels left.
You didn't know any spells.
Your spell library was empty.

Dungeon Overview and Level Annotations

Branches:
Dungeon (3/15)

Altars:
Qazlal


Innate Abilities, Weirdness & Mutations

You are immune to poison.
You have sharp fingernails.
Your flesh is cold resistant. (rC+)
You are immune to negative energy. (rN+++)
You do not regenerate when monsters are visible.
You are immune to unholy pain and torment.
You thrive by killing the living.


Message History

Throw: 3 throwing nets
Press: ? - help, Q - select action, (/) - cycle Shift-Dir - straight line, f - gnoll
Aim: a gnoll, wielding a +0 spear (65% to hit)
You throw a throwing net. The throwing net hits the gnoll.
The gnoll is caught in the net!
The gnoll struggles against the net.
The gnoll struggles against the net.
The gnoll hits you from afar with a +0 halberd.
You see here a +0 club.
You scratch the gnoll.
The gnoll is heavily wounded.
The gnoll struggles against the net.
The gnoll closely misses you.
You scratch the gnoll.
The gnoll is almost dead.
The gnoll struggles against the net.
The gnoll misses you.
You scratch the gnoll.
You kill the gnoll!
Qazlal accepts your kill.
You feel better.
The gnoll hits you from afar with a +0 halberd.
Throw: 2 throwing nets
Press: ? - help, Q - select action, (/) - cycle Shift-Dir - straight line, f - gnoll
Aim: a gnoll, wielding a +0 halberd (65% to hit)
You throw a throwing net.
The throwing net barely misses the gnoll.
The gnoll barely misses you.
Throw: throwing net
Press: ? - help, Q - select action, (/) - cycle Shift-Dir - straight line, f/p - gnoll
Aim: a gnoll, wielding a +0 halberd (65% to hit)
You throw a throwing net.
The throwing net closely misses the gnoll.
The gnoll hits you from afar with a +0 halberd.
* * * LOW HITPOINT WARNING * * *
The gnoll misses you.
You see here a +0 spear.
You completely miss the gnoll. The gnoll misses you.
You claw the gnoll!
The gnoll is almost dead.
The gnoll hits you with a +0 halberd!
You die...

########################
.(....g@))..............
########################
############ #####...
#..........######...^.≈≈
####........#....^.##...#
..............###^#≈#..≈#
##..............^##^^.≈.
###.†.....#####.^.((..^
#.##.............._..


You could see a gnoll.

Vanquished Creatures
  3 gnolls (D:3)
  3 adders (D:2)
  3 dart slugs
  10 ball pythons
  3 endoplasms
  2 giant cockroaches
  2 goblins
  3 hobgoblins
  2 jackals (D:1)
  4 kobolds
  3 quokkas
  2 bats (D:1)
  4 frilled lizards
  6 rats
50 creatures vanquished.

Vanquished Creatures (others)
  8 plants (D:2)
8 creatures vanquished.

Grand Total: 58 creatures vanquished

Notes
Turn   | Place    | Note
-------+----------+-------------------------------------------
     0 | D:1      | Crownlay the Ghoul Gladiator began the quest for the Orb.
     0 | D:1      | Reached XP level 1. HP: 17/17 MP: 0/0
   298 | D:1      | Reached XP level 2. HP: 23/25 MP: 1/1
   501 | D:1      | Reached skill level 4 in Unarmed Combat
   518 | D:1      | Reached XP level 3. HP: 30/30 MP: 2/2
   952 | D:2      | Found a faded altar of an unknown god.
  1265 | D:2      | Reached XP level 4. HP: 38/38 MP: 3/3
  1959 | D:3      | Found a stormy altar of Qazlal.
  1968 | D:3      | Became a worshipper of Qazlal Stormbringer
  2068 | D:3      | Slain by a gnoll

Illustrated notes

Levels and vault maps discovered:
D:1:      onia_arrival_handbag, layout_basic, skrybe_limestone_x
D:2:      wad_lake_hut, layout_basic, hellmonk_ecumenical_altar_leap_of_faith
D:3:      layout_rooms, grunt_qazlal_sundering,
          nicolae_wu_jian_immortal_techniques

Skill      XL: |  1  2  3 |
---------------+----------+-----
Throwing       | 2 |  2.4
Unarmed Combat | 4 |  4.9
Fighting       | 3 |  3.2
Dodging        | |  2.6
Invocations    | |  0.5

Action                   |  1- 3 |  4- 6 || total
-------------------------+-------+-------++-------
Melee: Unarmed           |    88 |    57 ||   145
       Punch             |       |     3 ||     3
Throw: Throwing net      |       |     3 ||     3
 Stab: Sleeping          |     3 |       ||     3
Armor: Leather armour    |    19 |     7 ||    26
Dodge: Dodged            |    43 |    23 ||    66

Table legend: (Time is in decaauts)
 A = Elapsed time spent in this place.
 B = Non-inter-level travel time spent in this place.
 C = Inter-level travel time spent in this place.
 D = Time resting spent in this place.
 E = Time spent auto-exploring this place.
 F = Levels seen in this place.
 G = Mean time per level.
                   A        B        C        D        E       F      G
               +--------+--------+--------+--------+--------+-----+--------+
         Total |   2094 |   2059 |     35 |      0 |   1761 |   3 |  698.0 |
       Dungeon |   2094 |   2059 |     35 |      0 |   1761 |   3 |  698.0 |
               +--------+--------+--------+--------+--------+-----+--------+

Top non-repeatable levels by time:
     D:2: 1049 daAuts
     D:1: 884 daAuts
     D:3: 159 daAuts
